 Dungeon Crawl Stone Soup version 0.15.2 (webtiles) character file.

44472 Huymann the Nimble (level 13, -4/171 HPs)
             Began as a White Draconian Berserker on Feb 10, 2015.
             Was a High Priest of Trog.
             Slain by a deep elf fighter
             ... wielding a +0 scimitar
              (11 damage)
             ... on Level 1 of the Elven Halls on Feb 11, 2015.
             The game lasted 02:49:28 (24730 turns).

Huymann the Nimble (White Draconian Berserker)     Turns: 24730, Time: 02:49:28

HP  -4/171       AC 17     Str 25      XL: 13   Next: 96%
MP  24/24        EV 17     Int 10      God: Trog [*****.]
Gold 2284        SH 11     Dex 13      Spells:  0 memorised, 12 levels left

rFire  . . .     SeeInvis +     h - +5 falchion of the Yoke {venom, rC+ Stlth+}
rCold  + + .     Clarity  +     (armour unavailable)
rNeg   + . .     rCorr    .     y - +0 shield {AC+3}
rPois  .         rRot     .     S - +0 hat {SInv}
rElec  .         Spirit   .     B - +2 cloak
SustAb .         Warding  .     (no gloves)
rMut   .         Stasis   .     (no boots)
Gourm  .                        t - amulet of clarity
MR     ++...                    U - ring of positive energy
                                k - +3 ring of protection

@: berserking, regenerating, very quick, very resistant to hostile enchantments,
extremely unstealthy
A: breathe frost, unfitting armour, cold resistance 1, cold-blooded, AC +8
a: Breathe Frost, Burn Spellbooks, Berserk, Trog's Hand, Brothers in Arms,
Renounce Religion


You were on level 1 of the Elven Halls.
You worshipped Trog.
Trog was extremely pleased with you.
You were hungry.

You visited 3 branches of the dungeon, and saw 18 of its levels.
You also visited: Ice Cave.

You collected 2492 gold pieces.
You spent 208 gold pieces at shops.

Inventory:

Hand weapons
 g - a +4 trident of protection
 h - the +5 falchion of the Yoke (weapon) {venom, rC+ Stlth+}
   (You bought it in a shop on level 5 of the Dungeon)

   It poisons the flesh of those it strikes.
   It protects you from cold.
   It makes you more stealthy.
 j - a +0 blowgun
 K - the +4 falchion "Pnuy" {slice, rElec}
   (Trog gifted it to you on level 2 of the Orcish Mines)

   It inflicts extra damage upon your enemies.
   It insulates you from electricity.
 N - a +2 bastard sword of holy wrath
 O - a +3 scimitar of freezing
 X - a +1 trident of freezing
 Y - a +3 antimagic falchion
Missiles
 i - 6 steel javelins
 m - 4 tomahawks of returning
 o - 18 poisoned needles
 w - 4 javelins of penetration
 C - 2 throwing nets (quivered)
 G - 6 curare-tipped needles
 M - 5 silver javelins
Armour
 y - a +0 shield of protection (worn)
 B - a +2 cloak (worn)
 S - a +0 hat of see invisible (worn)
Magical devices
 n - a wand of slowing (2)
 D - a wand of cold (14)
 R - a wand of draining (0)
 T - a wand of fire (0)
Comestibles
 b - 3 royal jellies
 c - 6 bread rations
 q - 3 meat rations
 u - 2 chunks of elf flesh
 A - 3 rotting chunks of orc flesh
Scrolls
 a - a scroll of fog
 f - 2 scrolls of fear
 l - 2 scrolls of remove curse
 p - 3 scrolls of blinking
 F - 4 scrolls of teleportation
Jewellery
 k - a +3 ring of protection (left hand)
 t - an amulet of clarity (around neck)
 z - an uncursed amulet of rage
 U - a ring of positive energy (right hand)
Potions
 d - 3 potions of magic
 e - 3 potions of flight
 r - a potion of curing
 v - 4 potions of haste
 E - a potion of berserk rage
 H - 2 potions of brilliance
 J - 2 potions of restore abilities
 L - a potion of porridge
 Q - a potion of agility
 W - 4 potions of might
 Z - 2 potions of cancellation
Books
 s - a book of Debilitation

   Spells                             Type                      Level
   Corona                             Hexes                        1
   Slow                               Hexes                        2
   Inner Flame                        Hexes/Fire                   3
   Enslavement                        Hexes                        4
   Cause Fear                         Hexes                        4
   Leda's Liquefaction                Hexes/Earth                  4
   Trog disapproves of the use of such an item.
 x - a book of Enchantments

   Spells                             Type                      Level
   Tukima's Dance                     Hexes                        3
   Cause Fear                         Hexes                        4
   Silence                            Hexes/Air                    5
   Deflect Missiles                   Charms/Air                   6
   Haste                              Charms                       6
   Discord                            Hexes                        8
   Trog disapproves of the use of such an item.
 I - a book of Power

   Spells                             Type                      Level
   Fulminant Prism                    Conjuration/Hexes            4
   Iskenderun's Mystic Blast          Conjuration                  4
   Venom Bolt                         Conjuration/Poison           5
   Bolt of Magma                      Conjuration/Fire/Earth       5
   Iron Shot                          Conjuration/Earth            6
   Orb of Destruction                 Conjuration                  7
   Trog disapproves of the use of such an item.
 P - a book of Minor Magic

   Spells                             Type                      Level
   Magic Dart                         Conjuration                  1
   Blink                              Translocation                2
   Call Imp                           Summoning                    2
   Repel Missiles                     Charms/Air                   2
   Slow                               Hexes                        2
   Conjure Flame                      Conjuration/Fire             3
   Mephitic Cloud                     Conjuration/Poison/Air       3
   Trog disapproves of the use of such an item.


   Skills:
 * Level 10.6 Fighting
 * Level 7.8 Long Blades
 + Level 6.4(8.3) Polearms
   Level 8.0(9.0) Staves
 + Level 2.2 Throwing
 * Level 12.4 Dodging
 * Level 8.4 Stealth
 * Level 7.8 Shields
 * Level 7.9 Evocations


You had 12 spell levels left.
You didn't know any spells.

Dungeon Overview and Level Annotations

Branches:
Dungeon (13/15)            Temple (0/1) D:7             Orc (4/4) D:9
    Elf (1/3) Orc:3          Lair (0/8) D:10         Vaults (0/5) D:13

Altars:
Cheibriados
Dithmenos
Fedhas
Nemelex Xobeh
Qazlal
Sif Muna
Zin
The Shining One
Beogh

Shops:
D:5 (   Orc:2 *   Orc:3 :   Orc:4 *}(}


Innate Abilities, Weirdness & Mutations

You can breathe waves of freezing cold.
You can buffet flying creatures when you breathe cold.
Your icy white scales are hard (AC +8).
Your body does not fit into most forms of armour.
Your flesh is cold resistant.
Your cold-blooded metabolism reacts poorly to cold.


Message History

The deep elf fighter casts a spell at you.
The magic dart hits you!
You hit the deep elf fighter.
Your tail-slap misses the deep elf fighter.
The deep elf fighter is almost dead.
The deep elf fighter closely misses you.
The deep elf knight misses you.
The deep elf fighter hits you with a scimitar!
* * * LOW HITPOINT WARNING * * *
Use which ability? (? or * to list)
A red film seems to cover your vision as you go berserk!
You feel yourself moving faster!
You feel mighty!
You feel somewhat more hungry.
The deep elf knight hits you with a long sword!
* * * LOW HITPOINT WARNING * * *
The deep elf priest calls down the wrath of its god upon you.
Something smites you!
* * * LOW HITPOINT WARNING * * *
The deep elf fighter hits you with a scimitar!
You die...

##### ##...##
##.....## #
#########.......#
+
...>....'[.(♣...#
#
#########.......#
# ##.....## #
##'#.e.+# ##
##.###@## .##
##.## #e# #.##
##.## #e# ##.##
##.## #.#
###.####'## #$#
........## #.#
####.....# #.#
#..P..# #.#
#.....# #.#


You could see a deep elf knight (invisible), a deep elf priest and a deep elf
fighter.

Vanquished Creatures
  A deep elf sorcerer (Elf:1)
  Gastronok (D:10)
  Josephine (Orc:2)
  A great orb of eyes (shapeshifter) (D:13)
  A hydra (D:13)
  A centaur warrior (Orc:4)
  Erolcha (D:9)
  2 unseen horrors
  A deep elf knight (Elf:1)
  An orc knight (Orc:4)
  An ice statue (IceCv)
  2 hill giants (D:13)
  A deep elf conjurer (Elf:1)
  A griffon (D:12)
  6 ugly things
  An orc sorcerer (Orc:4)
  An item mimic (Orc:3)
  Psyche (D:13)
  A gargoyle (D:11)
  2 kobold demonologists
  A komodo dragon (D:13)
  2 tengu conjurers (D:13)
  12 polar bears (IceCv)
  Sonja (Orc:4)
  A queen bee (D:8)
  3 trolls
  2 ravens (D:13)
  A trapdoor spider zombie (D:12)
  2 shadows
  A basilisk (D:10)
  A wyvern (D:12)
  Eustachio (D:6)
  A hill giant zombie (D:12)
  3 deep elf magi
  A steam dragon (D:11)
  3 hungry ghosts
  30 yaks
  2 hippogriffs
  4 vampire mosquitoes (D:12)
  2 hill giant skeletons
  A hog (shapeshifter) (D:13)
  6 wolves (IceCv)
  2 wargs (Orc:3)
  2 water moccasins
  A soldier ant (D:13)
  A mottled dragon (D:12)
  A tengu skeleton (D:13)
  A spider (shapeshifter) (D:4)
  3 black bears
  21 orc warriors
  An ice beast (D:12)
  3 porcupines (D:10)
  4 necrophages (D:6)
  5 ogres
  2 phantoms
  15 centaurs
  3 sky beasts
  Sigmund (D:5)
  3 crocodiles
  13 giant frogs
  A big kobold (D:8)
  A gnoll sergeant (D:7)
  A cyclops skeleton (D:13)
  A hippogriff zombie (D:5)
  4 scorpions
  An eye of draining (D:9)
  21 killer bees
  10 wights
  Dowan (D:4)
  A centaur zombie (D:11)
  A gnoll shaman (D:9)
  A goliath beetle (D:8)
  10 hounds
  4 jellies
  A giant frog skeleton (D:6)
  24 orc wizards
  3 quasits
  Crazy Yiuf (D:2)
  2 centaur skeletons
  6 worker ants
  2 iguanas
  17 orc priests
  2 sheep (D:12)
  A sky beast zombie (D:6)
  Ijyb (D:2)
  An ogre skeleton (D:4)
  2 hound skeletons
  11 adders
  12 gnolls
  A gnoll (shapeshifter) (D:10)
  A green rat (D:10)
  12 white imps (Orc:2)
  A goliath beetle zombie (D:6)
  3 worms
  2 orc zombies
  5 giant geckos
  An ooze (D:3)
  123 orcs
  16 bats
  A bat zombie (D:7)
  4 giant cockroaches
  24 hobgoblins
  23 jackals
  20 kobolds
  5 quokkas
  4 ball pythons
  4 giant newts
  18 goblins
  A goblin simulacrum (Orc:2)
  A goblin zombie (Orc:2)
  A hobgoblin skeleton (D:4)
  2 hobgoblin zombies
  2 orc skeletons
  A quokka skeleton (D:6)
  11 rats
  2 bushes (D:6)
  A fungus (D:2)
625 creatures vanquished.

Vanquished Creatures (collateral kills)
  Donald (Orc:4)
  A frost giant (IceCv)
  Harold (D:12)
  3 centaur warriors
  A hill giant (D:12)
  2 orc knights (Orc:4)
  A draconian (shapeshifter) (D:13)
  4 polar bears (IceCv)
  A raven (D:13)
  7 yaks
  Grum (D:13)
  A hill giant skeleton (D:12)
  3 wolves
  7 orc warriors (Orc:4)
  2 centaurs (Orc:4)
  An orc wizard (Orc:4)
  A worker ant (D:13)
  An ogre zombie (Orc:2)
  An orc zombie (Orc:2)
  8 orcs (Orc:4)
  4 goblins (D:11)
  An orc skeleton (Orc:2)
53 creatures vanquished.

Vanquished Creatures (others)
  2 two-headed ogres (Orc:4)
  3 ogres
  2 orcs
  A jackal zombie (D:9)
  A rat zombie (D:10)
  4 plants
13 creatures vanquished.

Grand Total: 691 creatures vanquished

Notes
Turn   | Place    | Note
--------------------------------------------------------------
     0 | D:1      | Huymann, the Draconian Berserker, began the quest for the Orb.
     0 | D:1      | Reached XP level 1. HP: 19/19 MP: 1/1
   153 | D:1      | Reached XP level 2. HP: 19/26 MP: 2/2
   984 | D:1      | Reached XP level 3. HP: 33/33 MP: 3/3
  1237 | D:2      | Found a sparkling altar of Nemelex Xobeh.
  1458 | D:2      | Acquired Trog's second power
  1458 | D:2      | Reached skill level 4 in Fighting
  1576 | D:2      | Reached skill level 1 in Stealth
  1576 | D:2      | Reached XP level 4. HP: 35/40 MP: 4/4
  2237 | D:2      | Noticed Ijyb
  2262 | D:2      | Killed Ijyb
  2461 | D:2      | Noticed Crazy Yiuf
  2475 | D:2      | Killed Crazy Yiuf
  2475 | D:2      | Reached XP level 5. HP: 26/46 MP: 5/5
  2976 | D:3      | Found a glowing golden altar of the Shining One.
  3257 | D:3      | Reached skill level 1 in Staves
  3258 | D:3      | Reached XP level 6. HP: 38/53 MP: 6/6
  3294 | D:3      | Found a shadowy altar of Dithmenos.
  3520 | D:4      | Noticed Duvessa
  3521 | D:4      | Noticed Dowan
  3529 | D:4      | Noticed Duvessa
  3529 | D:4      | Duvessa changed into Duvessa the spider
  3532 | D:4      | Killed Duvessa the spider
  3543 | D:4      | Killed Dowan
  3543 | D:4      | Reached skill level 1 in Evocations
  3549 | D:4      | HP: 1/53 [poisoned by Duvessa]
  4171 | D:4      | Your scales start taking on an icy white colour.
  4171 | D:4      | Gained mutation: Your flesh is cold resistant. [draconian maturity]
  4171 | D:4      | Reached XP level 7. HP: 60/60 MP: 8/8
  4274 | D:4      | Found a deep blue altar of Sif Muna.
  4357 | D:4      | Reached skill level 5 in Fighting
  4569 | D:5      | Entered Level 5 of the Dungeon
  4985 | D:5      | Found Gueddaitt's Antique Weapon Shop.
  4995 | D:5      | Bought a bloodstained falchion for 208 gold pieces
  4996 | D:5      | Identified the +5 falchion of the Yoke {venom, rC+ Stlth+} (You bought it in a shop on level 5 of the Dungeon)
  5176 | D:5      | Noticed Sigmund
  5195 | D:5      | Killed Sigmund
  5388 | D:6      | Reached skill level 5 in Dodging
  5425 | D:6      | Reached skill level 1 in Long Blades
  5425 | D:6      | Reached XP level 8. HP: 67/70 MP: 10/10
  5492 | D:6      | Acquired Trog's third power
  5543 | D:6      | Reached skill level 6 in Fighting
  6195 | D:6      | Noticed Eustachio
  6204 | D:6      | Killed Eustachio
  6394 | D:6      | Found a blossoming altar of Fedhas.
  6546 | D:6      | Reached skill level 5 in Staves
  6550 | D:6      | Reached XP level 9. HP: 78/78 MP: 13/13
  6710 | D:7      | Found a stormy altar of Qazlal.
  6934 | D:7      | Found a staircase to the Ecumenical Temple.
  7221 | D:7      | Reached skill level 1 in Shields
  7605 | D:8      | Received a gift from Trog
  7784 | D:8      | Reached skill level 5 in Stealth
  7787 | D:8      | Reached skill level 7 in Fighting
  7986 | D:8      | Found a glowing silver altar of Zin.
  8249 | D:8      | Reached skill level 1 in Throwing
  8249 | D:8      | Reached XP level 10. HP: 58/86 MP: 17/17
  8509 | D:8      | Received a gift from Trog
  8799 | D:8      | Found a snail-covered altar of Cheibriados.
  9132 | D:9      | Noticed a white ugly thing
  9146 | D:9      | Killed a white ugly thing
  9172 | D:9      | Found a snail-covered altar of Cheibriados.
  9174 | D:9      | Noticed Erolcha
  9199 | D:9      | Killed Erolcha
  9249 | D:9      | Found a deep blue altar of Sif Muna.
  9335 | D:9      | Found a staircase to the Orcish Mines.
  9587 | D:9      | Reached skill level 5 in Evocations
  9703 | D:9      | Reached skill level 8 in Dodging
  9896 | D:10     | Entered Level 10 of the Dungeon
 10070 | D:10     | Found a staircase to the Lair.
 10107 | D:10     | Received a gift from Trog
 10136 | D:10     | Reached XP level 11. HP: 65/94 MP: 19/19
 10622 | D:10     | Noticed Gastronok
 10661 | D:10     | Killed Gastronok
 10661 | D:10     | Reached skill level 5 in Long Blades
 10907 | D:11     | Received a gift from Trog
 11808 | D:11     | Reached skill level 9 in Dodging
 12043 | D:11     | Noticed an unseen horror
 12066 | D:11     | Killed an unseen horror
 13576 | D:12     | Received a gift from Trog
 13788 | D:12     | Noticed a centaur warrior
 13811 | D:12     | Noticed a hill giant
 13812 | D:12     | Killed a centaur warrior
 13812 | D:12     | Reached skill level 5 in Polearms
 13814 | D:12     | Killed a hill giant
 13817 | D:12     | Noticed a centaur warrior
 13823 | D:12     | HP: 4/97 [centaur warrior/arrow (13)]
 13830 | D:12     | Killed a centaur warrior
 13830 | D:12     | Reached XP level 12. HP: 26/104 MP: 21/21
 13839 | D:12     | Noticed Harold
 13844 | D:12     | Killed Harold
 14424 | D:12     | Reached skill level 5 in Shields
 14585 | D:12     | Reached skill level 10 in Dodging
 15789 | D:13     | Noticed Grum
 15809 | D:13     | Killed Grum
 16016 | D:13     | Found a gate to the Vaults.
 16029 | D:13     | Noticed a ghost crab
 16029 | D:13     | a fire crab changed into a ghost crab
 16030 | D:13     | Noticed Psyche
 16141 | D:13     | Killed Psyche
 16395 | D:13     | Noticed a five-headed hydra
 16413 | D:13     | Killed a five-headed hydra
 16691 | D:13     | Reached skill level 11 in Dodging
 16761 | D:13     | Noticed a ghost moth
 16774 | D:13     | Noticed a great orb of eyes
 16774 | D:13     | a ghost moth changed into a great orb of eyes
 16784 | D:13     | Killed a great orb of eyes
 16784 | D:13     | Reached skill level 10 in Fighting
 17332 | D:13     | Received a gift from Trog
 17641 | D:11     | Reached XP level 13. HP: 38/113 MP: 23/23
 17727 | Orc:1    | Entered Level 1 of the Orcish Mines
 18066 | Orc:2    | Found Ehiduup's General Store.
 18272 | Orc:3    | Found a staircase to the Elven Halls.
 18337 | Orc:3    | Found Qaisair's Book Emporium.
 18528 | Orc:2    | Found a frozen archway.
 18559 | Orc:2    | Received a gift from Trog
 18581 | Orc:2    | Got a warped falchion {god gift}
 18590 | Orc:2    | Identified the +4 falchion "Pnuy" {slice, rElec} (Trog gifted it to you on level 2 of the Orcish Mines)
 18674 | IceCv    | Entered an ice cave
 19970 | IceCv    | Noticed a frost giant
 19997 | IceCv    | Killed a frost giant
 20938 | Orc:2    | Noticed Josephine
 20956 | Orc:2    | Killed Josephine
 21145 | Orc:2    | Received a gift from Trog
 22161 | Orc:4    | Entered Level 4 of the Orcish Mines
 22168 | Orc:4    | Noticed Donald
 22180 | Orc:4    | Killed Donald
 22533 | Orc:4    | Noticed Sonja
 22571 | Orc:4    | Reached skill level 12 in Dodging
 22890 | Orc:4    | Killed Sonja
 24111 | Orc:4    | Found Phimec's Weapon Shoppe.
 24111 | Orc:4    | Found Hunavaude's Gadget Shop.
 24114 | Orc:4    | Found Wacam's General Store.
 24116 | Orc:4    | Found Zaonoal's Gadget Emporium.
 24353 | Orc:4    | Found a roughly hewn altar of Beogh.
 24546 | Elf:1    | Entered Level 1 of the Elven Halls
 24708 | Elf:1    | Noticed a deep elf sorcerer
 24725 | Elf:1    | Killed a deep elf sorcerer
 24730 | Elf:1    | HP: 7/171 [deep elf priest/divine providence (14)]
 24730 | Elf:1    | Slain by a deep elf fighter

Action                   |  1- 3 |  4- 6 |  7- 9 | 10-12 | 13-15 || total
-------------------------+-------+-------+-------+-------+-------++-------
Melee: Spear             |   130 |    78 |       |       |       ||   208
       Quarterstaff      |       |   111 |   269 |   259 |       ||   639
       Trident           |       |       |    72 |   818 |   383 ||  1273
       Falchion          |       |       |    50 |    51 |   422 ||   523
       Scimitar          |       |       |       |       |     8 ||     8
 Fire: Blowgun           |       |       |    34 |    32 |       ||    66
Throw: Tomahawk          |       |     1 |     4 |    29 |    10 ||    44
       Javelin           |       |       |       |       |     7 ||     7
       Throwing net      |       |       |       |       |     5 ||     5
Invok: Berserk           |     3 |     3 |     2 |    10 |     9 ||    27
       Trog's Hand       |       |     1 |     1 |     6 |     2 ||    10
       Brothers in Arms  |       |       |       |     5 |     8 ||    13
 Abil: Breathe Frost     |       |       |       |     5 |     1 ||     6
Evoke: Wand              |       |       |     1 |     7 |     9 ||    17
  Use: Scroll            |       |     1 |    23 |    12 |     3 ||    39
       Potion            |       |     1 |       |     6 |     5 ||    12
 Stab: Sleeping          |       |     1 |    10 |    13 |     9 ||    33
       Paralysed         |       |       |     5 |     3 |       ||     8
       Confused          |       |       |     2 |     1 |       ||     3
       Distracted        |       |       |     1 |     4 |     2 ||     7
       Petrifying        |       |       |       |     1 |       ||     1
       Invisible         |       |       |       |     2 |     1 ||     3
       Held in net/web   |       |       |       |       |     2 ||     2
  Eat: Chunk             |     4 |    11 |    15 |    30 |    32 ||    92
       Fruit             |       |     2 |     1 |       |       ||     3
       Beef jerky        |       |       |       |     5 |       ||     5
       Royal jelly       |       |       |       |     3 |     1 ||     4
